 Dungeon Crawl Stone Soup version 0.29-a0-322-g68df515428 (webtiles) character file.

Game seed: 13357289051567207148

180 kae the Firebug (level 5, 0/30 HPs)
             Began as a Tengu Fire Elementalist on Apr 7, 2022.
             Slain by an orc wizard
             ... wielding a +0 dagger
              (2 damage)
             ... on level 4 of the Dungeon.
             The game lasted 00:02:02 (3023 turns).

kae the Firebug (Tengu Fire Elementalist)           Turns: 3023, Time: 00:02:03

Health: 0/30       AC:  3    Str:  8    XL:     5   Next: 60%
Magic:  5/9        EV: 15    Int: 17    God:
Gold:   165        SH:  0    Dex: 15    Spells: 6/9 levels left

rFire   . . .      SeeInvis .   (no weapon)
rCold   . . .      Faith    .   (no shield)
rNeg    . . .      Spirit   .   a - +1 robe
rPois   .          Reflect  .   (helmet restricted)
rElec   .          Harm     .   (no cloak)
rCorr   .          Rampage  .   (no gloves)
Will    .....                   (boots unavailable)
Stlth   ++........              (no amulet)
HPRegen 0.10/turn               (no ring)
MPRegen 0.11/turn               (no ring)

@: flying quickly and evasively, very slightly contaminated, quick
A: beak, talons 3, nimble flight
a: no special abilities


You were on level 4 of the Dungeon.
You visited 1 branch of the dungeon, and saw 4 of its levels.

You collected 165 gold pieces.

Inventory:

Armour
 a - a +1 robe (worn)
Scrolls
 c - 2 scrolls of identify
 d - a scroll of teleportation
 f - 2 scrolls of enchant armour
 j - a scroll of immolation
Potions
 e - 2 potions of lignification
 k - a potion of attraction {unknown}


   Skills:
 + Level 1.6 Fighting
 + Level 1.8 Armour
 + Level 3.0 Dodging
 - Level 2.0 Stealth
 + Level 2.6 Spellcasting
 + Level 2.8 Conjurations
 * Level 4.5 Fire Magic


You had 6 spell levels left.
You knew the following spells:

 Your Spells              Type           Power      Damage    Failure   Level
a - Foxfire               Conj/Fire      56%        2x1d6     4%          1
b - Scorch                Fire           34%        2d7       4%          2

Your spell library contained the following spells:

 Spells                   Type           Power      Damage    Failure   Level
 Conjure Flame            Conj/Fire      14%        6-21      12%         3
 Inner Flame              Hex/Fire       9%         N/A       22%         3
 Flame Wave               Conj/Fire      14%        2d6       36%         4
 Tukima's Dance           Hex            2%         N/A       50%         3
 Passage of Golubria      Tloc           2%         N/A       88%         4
 Yara's Violent Unravell  Hex/Tmut       1%         3d3       99%         5


Dungeon Overview and Level Annotations

Branches:
Dungeon (4/15)
 Temple: D:4-7

Altars:
Ru


Innate Abilities, Weirdness & Mutations

You have a beak for a mouth.
You have claws for feet.
Your magical nature lets you fly swiftly and evasively.


Message History

The foxfire hits something.
You hear some strange, mumbled words.
A magic dart appears from out of thin air!
The magic dart hits you.
* * * LOW HITPOINT WARNING * * *
You closely miss something. Your peck misses something.
Something hits you but does no damage.
Casting: Foxfire (safe; 4% risk of failure)
Confirm with . or Enter, or press ? or * to list all spells.
You don't have enough magic to cast this spell.
You hit something. Your kick misses something. Your punch misses something.
You hear some strange, mumbled words.
A magic dart appears from out of thin air!
The magic dart hits you.
* * * LOW HITPOINT WARNING * * *
You feel better.
You hear some strange, mumbled words.
A magic dart appears from out of thin air!
The magic dart hits you!
* * * LOW HITPOINT WARNING * * *
Magic courses through your body.
You hear some strange, mumbled words.
A magic dart appears from out of thin air!
The magic dart hits you.
* * * LOW HITPOINT WARNING * * *
You feel better. Something hits you.
* * * LOW HITPOINT WARNING * * *
Casting: Foxfire (safe; 4% risk of failure)
Confirm with . or Enter, or press ? or * to list all spells.
Flames lash something.
You hear some strange, mumbled words.
A puff of flame appears from out of thin air!
The puff of flame hits you!
* * * LOW HITPOINT WARNING * * *
Casting: Scorch (safe; 4% risk of failure)
Confirm with . or Enter, or press ? or * to list all spells.
You miscast Scorch.
You are very lightly contaminated with residual magic.
Nothing appears to happen.
Something hits you.
You die...

### # ..#.#
#########.#.#
.......<....#
#######.#.######
....>...........
......#...######
..........{@#
..#.......#)# .
#..####.#.# #..
#.#.# #. #.#.# #
#.#.# #.#.#
..#)# ###.#


There were no monsters in sight!

Vanquished Creatures
  Terence (D:2)
  An orc wizard (D:3)
  3 gnolls (D:3)
  4 adders
  A worm (D:3)
  3 dart slugs
  8 orcs
  8 ball pythons
  3 endoplasms
  2 goblins (D:3)
  2 hobgoblins
  A jackal (D:3)
  2 quokkas (D:2)
  5 bats
  4 frilled lizards
  3 kobolds
  3 rats
54 creatures vanquished.

Vanquished Creatures (others)
  136 foxfires
  5 toadstools (D:3)
141 creatures vanquished.

Grand Total: 195 creatures vanquished

Notes
Turn   | Place    | Note
-------+----------+-------------------------------------------
     0 | D:1      | kae the Tengu Fire Elementalist began the quest for the
                  | Orb.
     0 | D:1      | Reached XP level 1. HP: 10/10 MP: 4/4
   481 | D:1      | Reached XP level 2. HP: 16/16 MP: 1/6
   490 | D:1      | Learned a level 2 spell: Scorch
   604 | D:1      | Found a faded altar of an unknown god.
   639 | D:1      | You fall into a shaft and drop 1 floor!
   680 | D:2      | Reached XP level 3. HP: 20/20 MP: 2/7
  1228 | D:2      | Noticed Terence
  1290 | D:2      | Killed Terence
  1291 | D:2      | Reached skill level 1 in Fighting
  1291 | D:2      | Reached skill level 1 in Armour
  1291 | D:2      | Reached skill level 4 in Fire Magic
  1291 | D:2      | Reached XP level 4. HP: 25/25 MP: 1/8
  1778 | D:3      | Found a sacrificial altar of Ru.
  2083 | D:3      | Gained mutation: Your magical nature lets you fly swiftly
                  | and evasively. [Tengu growth]
  2083 | D:3      | Reached XP level 5. HP: 29/29 MP: 5/9
  3018 | D:4      | HP: 1/30 [something/magic dart (4)]
  3023 | D:4      | Slain by an orc wizard

Illustrated notes

Levels and vault maps discovered:
D:1:      amcnicky_arrival_gap_in_the_tavern_cellar, layout_rooms,
          dreamdust_ecumenical_altar_statues
D:2:      layout_rooms, uniq_terence
D:3:      kennysheep_big_flooded_room, layout_basic,
          nicolae_ru_great_annihilating_truth, minmay_gold_behind_fungi
D:4:      layout_basic, kennysheep_generic_room_7

Skill      XL: |  1  2  3  4  5 |
---------------+----------------+-----
Conjurations   | 2 |  2.8
Fighting       | 1 |  1.6
Armour         | 1 |  1.8
Fire Magic     | 4 |  4.5
Dodging        | 3 |  3.0
Stealth        | |  2.0
Spellcasting   | |  2.6

Action                   |  1- 3 |  4- 6 || total
-------------------------+-------+-------++-------
Melee: Unarmed           |    14 |    31 ||    45
       Kick              |     2 |     6 ||     8
       Peck              |     2 |     4 ||     6
       Punch             |       |     1 ||     1
 Cast: Foxfire           |    36 |    51 ||    87
       Scorch            |     1 |    13 ||    14
  Use: Scroll            |     6 |     6 ||    12
       Potion            |       |     4 ||     4
 Stab: Sleeping          |       |     1 ||     1
Armor: Robe              |     8 |    18 ||    26
Dodge: Dodged            |    22 |    26 ||    48

Table legend: (Time is in decaauts)
 A = Elapsed time spent in this place.
 B = Non-inter-level travel time spent in this place.
 C = Inter-level travel time spent in this place.
 D = Time resting spent in this place.
 E = Time spent auto-exploring this place.
 F = Levels seen in this place.
 G = Mean time per level.
                   A        B        C        D        E       F      G
               +--------+--------+--------+--------+--------+-----+--------+
         Total |   2966 |   2894 |     72 |    150 |   2272 |   4 |  741.5 |
       Dungeon |   2966 |   2894 |     72 |    150 |   2272 |   4 |  741.5 |
               +--------+--------+--------+--------+--------+-----+--------+

Top non-repeatable levels by time:
     D:3: 1275 daAuts
     D:1: 927 daAuts
     D:2: 707 daAuts
     D:4: 56 daAuts
